 Dungeon Crawl Stone Soup version 0.30-a0-389-g8d7d949f56 (webtiles) character file.

Game seed: 7925063535096706018

136 p00ps00p the Trooper (level 5, -3/47 HPs)
             Began as a Hill Orc Fighter on Dec 4, 2022.
             Killed from afar by Natasha (8 damage)
             ... with a puff of flame
             ... on level 2 of the Dungeon.
             The game lasted 00:03:01 (1571 turns).

p00ps00p the Trooper (Hill Orc Fighter)             Turns: 1571, Time: 00:03:02

Health: -3/47      AC:  7    Str: 21    XL:     5   Next: 19%
Magic:  5/5        EV:  9    Int:  8    God:
Gold:   97         SH:  4    Dex: 10    Spells: 4/4 levels left

rFire   . . .      SeeInvis .    k - +4 whip
rCold   . . .      Faith    .    c - +0 buckler
rNeg    . . .      Spirit   .    b - +0 scale mail
rPois   .          Reflect  .    (no helmet)
rElec   .          Harm     .    (no cloak)
rCorr   .          Rampage  .    (no gloves)
Will    .....                    (no boots)
Stlth   ..........               i - amulet of the acrobat
HPRegen 0.27/turn                (no ring)
MPRegen 0.09/turn                (no ring)

@: very slow
A: no striking features
a: no special abilities


You were on level 2 of the Dungeon.
You visited 1 branch of the dungeon, and saw 2 of its levels.

You collected 97 gold pieces.

Inventory:

Hand Weapons
 a - a +0 war axe
 k - a +4 whip (weapon)
Armour
 b - a +0 scale mail (worn)
 c - a +0 buckler (worn)
Jewellery
 i - an amulet of the acrobat (around neck)
Scrolls
 e - 2 scrolls of poison
 l - a scroll of blinking {unknown}
Potions
 d - a potion of might
 f - 2 potions of mutation {unknown}
 g - a potion of heal wounds {unknown}
 h - a potion of curing {unknown}
 j - a potion of ambrosia {unknown}


   Skills:
 + Level 4.6 Fighting
 + Level 4.1 Axes
 + Level 4.2 Armour
 + Level 4.2 Shields


You had 4 spell levels left.
You didn't know any spells.
Your spell library was empty.

Dungeon Overview and Level Annotations

Branches:
Dungeon (2/15)

Altars:

Shops:
D:2 :

Annotations:
D:2 Natasha


Message History

You block the shadow imp's attack.
Natasha splashes around in the water.
The shadow imp gestures at you. Pain shoots through your body!
* * * LOW HITPOINT WARNING * * *
You are too injured to fight recklessly!
You are too injured to fight recklessly!
You are too injured to fight recklessly!
You are too injured to fight recklessly!
You are too injured to fight recklessly!
You are too injured to fight recklessly!
You are too injured to fight recklessly!
You are too injured to fight recklessly!
You are too injured to fight recklessly!
You are too injured to fight recklessly!
You are too injured to fight recklessly!
You are too injured to fight recklessly!
You are too injured to fight recklessly!
You are too injured to fight recklessly!
You are too injured to fight recklessly!
You are too injured to fight recklessly!
You are too injured to fight recklessly!
You are too injured to fight recklessly!
You are too injured to fight recklessly!
You are too injured to fight recklessly!
You are too injured to fight recklessly!
You are too injured to fight recklessly!
You are too injured to fight recklessly!
You barely miss Natasha.
Natasha is heavily wounded.
The shadow imp hits you.
* * * LOW HITPOINT WARNING * * *
The shadow imp hits you but does no damage.
Natasha stares at you and mumbles some strange words.
The magic dart hits you.
* * * LOW HITPOINT WARNING * * *
You hit Natasha.
Natasha is severely wounded.
The shadow imp closely misses you. The shadow imp barely misses you.
Natasha zaps a wand.
The puff of flame hits you!
You die...

# #.# ## ####.#####
.## ##........#
..####...#####.#
..)...........######
.
..####.....####≈≈~≈#
..# .##
##.##.####≈~≈~#..#
## #.......'5≈h≈'.#
# ####.####≈@≈~###
#.# #≈≈5≈# #.#
###### ### #.# ..#
#.# #^# #.# #.# #.#
#.########.#
...........#


You could see Natasha (strong) and 2 shadow imps.

Vanquished Creatures
  Natasha (twice) (D:2)
  3 adders (D:2)
  2 dart slugs (D:1)
  7 bats (D:1)
  3 endoplasms
  5 giant cockroaches
  3 goblins
  6 hobgoblins (D:1)
  6 jackals
  2 quokkas
  A ball python (D:1)
  7 kobolds
  4 rats (D:1)
51 creatures vanquished.

Notes
Turn   | Place    | Note
-------+----------+-------------------------------------------
     0 | D:1      | p00ps00p the Hill Orc Fighter began the quest for the Orb.
     0 | D:1      | Reached XP level 1. HP: 19/19 MP: 1/1
   114 | D:1      | Reached XP level 2. HP: 27/27 MP: 2/2
   167 | D:1      | Found a faded altar of an unknown god.
   237 | D:1      | Reached XP level 3. HP: 13/33 MP: 3/3
   927 | D:2      | Found Qaluasu's Book Emporium.
  1028 | D:2      | Reached XP level 4. HP: 20/40 MP: 4/4
  1208 | D:2      | Noticed Natasha
  1216 | D:2      | Killed Natasha
  1417 | D:2      | Noticed Natasha
  1430 | D:2      | Killed Natasha
  1465 | D:2      | Reached XP level 5. HP: 47/47 MP: 5/5
  1557 | D:2      | Noticed Natasha
  1571 | D:2      | Killed from afar by Natasha

Illustrated notes

Levels and vault maps discovered:
D:1:      shiori_arrival_oz, layout_basic, shapermc_ecumenical_altar_venn,
          minmay_misc_feat_ornament
D:2:      layout_loops_corners, serial_shops, nicolae_shop_hallway_stairs,
          chequers_serial_rivers_room_b, glass_columns_a, uniq_natasha

Skill      XL: |  1  2  3  4 |
---------------+-------------+-----
Axes           | 3 4 |  4.1
Fighting       | 4 |  4.6
Armour         | 4 |  4.2
Shields        | 4 |  4.2

Action                   |  1- 3 |  4- 6 || total
-------------------------+-------+-------++-------
Melee: War axe           |    87 |       ||    87
       Whip              |    23 |    64 ||    87
  Use: Scroll            |       |     1 ||     1
Armor: Scale mail        |   107 |    15 ||   122
Dodge: Dodged            |    83 |    30 ||   113
Block: Buckler           |    39 |     9 ||    48

Table legend: (Time is in decaauts)
 A = Elapsed time spent in this place.
 B = Non-inter-level travel time spent in this place.
 C = Inter-level travel time spent in this place.
 D = Time resting spent in this place.
 E = Time spent auto-exploring this place.
 F = Levels seen in this place.
 G = Mean time per level.
                   A        B        C        D        E       F      G
               +--------+--------+--------+--------+--------+-----+--------+
         Total |   1608 |   1554 |     54 |     95 |   1057 |   2 |  804.0 |
       Dungeon |   1608 |   1554 |     54 |     95 |   1057 |   2 |  804.0 |
               +--------+--------+--------+--------+--------+-----+--------+

Top non-repeatable levels by time:
     D:1: 960 daAuts
     D:2: 648 daAuts
